 Dungeon Crawl Stone Soup version 0.28-a0-511-gcc94558de3 (webtiles) character file.

Game seed: 12830566242878979964

61 Spaninq the Chopper (level 4, 0/40 HPs)
             Began as a Hill Orc Abyssal Knight on Sept 22, 2021.
             Was a Follower of Lugonu.
             Slain by a jelly (2 damage)
             ... on level 3 of the Dungeon.
             The game lasted 00:03:41 (2076 turns).

Spaninq the Chopper (Hill Orc Abyssal Knight)       Turns: 2076, Time: 00:03:42

Health: 0/40       AC:  8    Str: 16    XL:     4   Next: 7%
Magic:  5/5        EV:  9    Int: 10    God:    Lugonu [*.....]
Gold:   36         SH:  0    Dex: 11    Spells: 3/3 levels left

rFire   . . .      SeeInvis .   a - +1 hand axe
rCold   . . .      Faith    .   (no shield)
rNeg    . . .      Spirit   .   e - +0 scale mail
rPois   .          Reflect  .   (no helmet)
rElec   .          Harm     .   c - +1 cloak
rCorr   .          Rampage  .   (no gloves)
Will    .....                   (no boots)
Stlth   ..........              (no amulet)
HPRegen 0.13/turn               (no ring)
MPRegen 0.09/turn               (no ring)

@: no status effects
A: no striking features
a: Renounce Religion, Depart the Abyss


You were on level 3 of the Dungeon.
You worshipped Lugonu.
Lugonu was aware of your devotion.
You visited 1 branch of the dungeon, and saw 3 of its levels.
You visited the Abyss 1 time.

You collected 36 gold pieces.

Inventory:

Hand Weapons
 a - a +1 hand axe (weapon)
Armour
 b - a +0 leather armour
 c - a +1 cloak (worn)
 e - a +0 scale mail (worn)
Scrolls
 h - a scroll of blinking {unknown}
 l - a scroll of identify {unknown}
 m - a scroll of vulnerability {unknown}
 n - a scroll of magic mapping {unknown}
Potions
 d - 2 potions of attraction {unknown}
 f - 2 potions of lignification {unknown}
 g - 2 potions of flight {unknown}
 i - a potion of curing {unknown}
 j - a potion of ambrosia {unknown}
 k - 2 potions of might {unknown}


   Skills:
 + Level 4.2 Fighting
 * Level 4.4 Axes
 + Level 3.0 Armour
 - Level 0.7 Dodging
 - Level 2.4 Invocations


You had 3 spell levels left.
You didn't know any spells.
Your spell library contained the following spells:

 Spells                   Type           Power      Damage    Failure   Level
 Corpse Rot               Necr/Air       N/A        N/A       90%         2
 Poisonous Vapours        Pois/Air       0%         N/A       90%         2


Dungeon Overview and Level Annotations

Branches:
Dungeon (3/15)

Altars:

Shops:
D:1 [


Message History

You have reached level 4!
You feel sick.
You see here an adder corpse.
You feel sick.
You feel sick.
You are no longer poisoned.
n - a scroll labelled QIET UNGOITH
f - 2 sapphire potions (gained 1)
A jelly comes into view.
The jelly quivers.
You hit the jelly. The acid corrodes you!
Your hands burn!
The jelly is lightly wounded.
The jelly hits you but does no damage.
You hit the jelly but do no damage.
Your hands burn!
The jelly is lightly wounded.
The jelly hits you. The acid corrodes you!
You are splashed with acid!
You hit the jelly but do no damage. The acid corrodes you!
Your hands burn!
The jelly is lightly wounded.
The jelly hits you.
You are splashed with acid!
* * * LOW HITPOINT WARNING * * *
There is a stone staircase leading up here.
The jelly jiggles.
You are no longer corroded.
There is a stone staircase leading up here.
You hit the jelly.
Your hands burn!
* * * LOW HITPOINT WARNING * * *
The jelly is moderately wounded.
The jelly hits you but does no damage.
You barely miss the jelly.
The jelly is moderately wounded.
The jelly hits you but does no damage.
You hit the jelly.
Your hands burn!
* * * LOW HITPOINT WARNING * * *
The jelly is heavily wounded.
The jelly hits you but does no damage.
You hit the jelly.
Your hands burn!
* * * LOW HITPOINT WARNING * * *
The jelly is almost dead.
The jelly hits you.
You die...

....[ ..# #..# #...# #.#
#..# #...# #.# #..# #...#
#.# #..# #...# #.####..#
#...###....#..####
#######................###
.........#####.#.#.###...#
.............#@#.........#
.######......J...#.#.#.#.#
######.#.#.........#
#.#.#.#.#.#.#.#
#.#.#...†.....#
#.#.#.#.#.#.#..#
...............#
#.##..#.#.#.#..#
#.###.......$..#


You could see a jelly.

Vanquished Creatures
  2 adders
  2 worms (D:2)
  A dart slug (D:1)
  6 bats
  4 endoplasms
  2 giant cockroaches
  2 goblins
  A hobgoblin (D:2)
  4 kobolds
  3 quokkas
  A ball python (D:1)
  A frilled lizard (D:2)
  7 rats
36 creatures vanquished.

Notes
Turn   | Place    | Note
-------+----------+-------------------------------------------
     0 | Abyss:1  | Spaninq the Hill Orc Abyssal Knight began the quest for the
                  | Orb.
     0 | Abyss:1  | Reached XP level 1. HP: 19/19 MP: 2/2
     5 | D:1      | Escaped the Abyss
   364 | D:1      | Found Otokoebbong's Antique Armour Boutique.
   402 | D:1      | Reached XP level 2. HP: 27/27 MP: 3/3
  1262 | D:2      | Reached XP level 3. HP: 21/33 MP: 4/4
  1865 | D:2      | Found a faded altar of an unknown god.
  2009 | D:3      | Reached XP level 4. HP: 35/40 MP: 5/5
  2076 | D:3      | HP: 2/40 [acid (3)]
  2076 | D:3      | Slain by a jelly

Illustrated notes

Levels and vault maps discovered:
D:1:      giann_horns, layout_basic, serial_shops, shop
D:2:      layout_loops_cross, ebering_ecumenical_altar_mist
D:3:      layout_loops_ring, zin_statuary, gammafunk_temple_overflow_claw,
          serial_glass, glass_columns_a, glass_columns_a, glass_columns_a,
          glass_columns_a, glass_columns_b, glass_columns_c, glass_columns_a,
          glass_columns_a, kennysheep_generic_room_6

Skill      XL: |  1  2  3 |
---------------+----------+-----
Axes           | 3 4 |  4.4
Fighting       | 4 |  4.2
Armour         | 3 |  3.0
Dodging        | |  0.7
Invocations    | |  2.4

Action                   |  1- 3 |  4- 6 || total
-------------------------+-------+-------++-------
Melee: Hand axe          |   120 |     7 ||   127
Armor: Scale mail        |    55 |     4 ||    59
Dodge: Dodged            |    65 |       ||    65

Table legend: (Time is in decaauts)
 A = Elapsed time spent in this place.
 B = Non-inter-level travel time spent in this place.
 C = Inter-level travel time spent in this place.
 D = Time resting spent in this place.
 E = Time spent auto-exploring this place.
 F = Levels seen in this place.
 G = Mean time per level.
                   A        B        C        D        E       F      G
               +--------+--------+--------+--------+--------+-----+--------+
         Total |   2089 |   2007 |     82 |      0 |   1594 |   4 |  522.2 |
       Dungeon |   2084 |   2002 |     82 |      0 |   1594 |   3 |  694.7 |
         Abyss |      5 |      5 |      0 |      0 |      0 |   1 |    5.0 |
               +--------+--------+--------+--------+--------+-----+--------+

Top non-repeatable levels by time:
     D:1: 1099 daAuts
     D:2: 883 daAuts
     D:3: 101 daAuts
 Abyss:1: 5 daAuts
